 Dungeon Crawl Stone Soup version 0.26.1-11-gd32895ea62 (webtiles) character file.

Game seed: 7722355951299773881

10561 ubername the Slicer (level 11, -2/130 HPs)
             Began as a Merfolk Berserker on May 25, 2021.
             Was a High Priest of Trog.
             Slain by a skeletal warrior
             ... wielding a cursed -1 battleaxe
             ... led by a skeletal warrior
              (12 damage)
             ... on level 10 of the Dungeon.
             The game lasted 00:26:51 (14401 turns).

ubername the Slicer (Merfolk Berserker)            Turns: 14401, Time: 00:26:51

Health: -2/130     AC: 13    Str: 21    XL:     11   Next: 64%
Magic:  11/11      EV: 15    Int:  7    God:    Trog [*****.]
Gold:   830        SH:  5    Dex: 15    Spells: 10/10 levels left

rFire    + . .     SeeInvis .   a - +6 quick blade
rCold    x . .     Faith    .   i - +0 buckler
rNeg     . . .     Spirit   .   B - +1 scale mail of Liberalism {rPois Str+2}
rPois    +         Reflect  .   p - +0 helmet
rElec    .         Harm     .   x - +1 cloak {Will+}
rCorr    .         Rampage  .   (no gloves)
Will     +....                  m - +0 pair of boots (curse)
Stlth    ..........             h - amulet of regeneration
HPRegen  0.71/turn              (no ring)
MPRegen  0.12/turn              E - ring of fire

@: berserking (expiring), very quick
A: change form in water, swift swim, stealthy swim
a: Renounce Religion, Berserk, Trog's Hand, Brothers in Arms


You were on level 10 of the Dungeon.
You worshipped Trog.
Trog was extremely pleased with you.
You visited 1 branch of the dungeon, and saw 10 of its levels.
You also visited: Bailey.

You collected 830 gold pieces.

Inventory:

Hand Weapons
 a - a +6 quick blade (weapon)
 d - a +1 rapier of holy wrath
Missiles
 o - 60 poisoned darts (quivered)
Armour
 c - a +0 crystal plate armour
 i - a +0 buckler (worn)
 m - a cursed +0 pair of boots (worn)
 p - a +0 helmet (worn)
 x - a +1 cloak of willpower (worn)
 B - the +1 scale mail of Liberalism (worn) {rPois Str+2}
   (You found it on level 10 of the Dungeon)

   It affects your strength (+2).
   It protects you from poison.
Jewellery
 h - an amulet of regeneration (around neck)
 E - a ring of fire (right hand)
Wands
 f - a wand of acid (14)
 g - a wand of paralysis (9)
 j - a wand of random effects (10)
 r - a wand of digging (1)
 u - a wand of iceblast (9)
 A - a wand of disintegration (9)
 C - a wand of polymorph (5)
Scrolls
 e - 3 scrolls of immolation
 k - 3 scrolls of teleportation
 v - 9 scrolls of identify
 y - 2 scrolls of enchant armour
 J - 5 scrolls of remove curse
Potions
 n - a potion of berserk rage
 s - 2 potions of magic
 w - a potion of ambrosia
 z - a potion of haste
 I - a potion of cancellation
Miscellaneous
 b - a phial of floods (inert)


   Skills:
 + Level 8.5 Fighting
 + Level 12.4 Short Blades
 + Level 0.1 Throwing
 * Level 7.1 Armour
 + Level 9.0 Dodging
 + Level 3.3 Stealth
 + Level 5.6 Shields
 * Level 2.0 Evocations


You had 10 spell levels left.
You didn't know any spells.
Your spell library was empty.

Dungeon Overview and Level Annotations

Branches:
Dungeon (10/15)            Temple (0/1) D:4            Lair (0/6) D:9
    Orc (0/2) D:9          Bailey (visited)

Altars:
Ashenzari
Cheibriados
Dithmenos
Gozag
Kikubaaqudgha
Makhleb
Okawaru
Wu Jian
The Shining One

Shops:
D:5 }   D:8 :

Annotations:
D:7 3 runed translucent doors, Cheops's ghost, novice OpTm


Message History

You hit the skeletal warrior but do no damage.
The skeletal warrior is lightly damaged.
The skeletal warrior barely misses you.
You hit the skeletal warrior but do no damage.
The skeletal warrior is lightly damaged.
You puncture the skeletal warrior!
The skeletal warrior is moderately damaged.
You are too berserk!
You puncture the skeletal warrior!
The skeletal warrior is heavily damaged.
The skeletal warrior barely misses you.
You hit the skeletal warrior.
The skeletal warrior is heavily damaged.
You hit the skeletal warrior but do no damage.
The skeletal warrior is heavily damaged.
You are too berserk!
You barely miss the skeletal warrior.
The skeletal warrior is heavily damaged.
The skeletal warrior hits you with a cursed -1 battleaxe!
You die...

......................#
......................#
.........#.......#....#
.#.......#.......#....#
.#.......#.......#....#
.#.......#.......#....#
.#.......#.......#....#
.#.......#.......#....#
.#.......#.....z@######
.#..)....#.....z)#
.#.......#........
##.......#.........
.#.......#..........
.#.......#...........
.#.......#............
.#.......#............#
.#....)..#


You could see 2 skeletal warriors.

Vanquished Creatures
  2 two-headed ogres
  2 skeletal warriors (D:10)
  Maurice (D:9)
  Prince Ribbit (D:7)
  Grinder (D:3)
  11 yaks
  A water moccasin (D:4)
  3 black bears
  An eye of draining (D:9)
  13 orc warriors
  4 ice beasts
  A sky beast (D:9)
  2 necrophages
  7 ogres
  4 centaurs
  A big kobold (D:9)
  5 bullfrogs
  A gnoll sergeant (D:7)
  3 scorpions
  3 killer bees (D:9)
  4 wights
  7 howler monkeys
  A quasit (D:9)
  3 orc priests
  2 bullfrog skeletons
  3 hounds
  2 jellies
  9 orc wizards
  3 iguanas
  3 centaur skeletons
  Terence (D:3)
  13 worker ants
  A killer bee zombie (D:5)
  2 hound skeletons (D:4)
  A worker ant zombie (D:10)
  9 gnolls
  A howler monkey skeleton (D:8)
  14 adders
  5 shadow imps
  2 white imps
  6 ufetubi
  An ooze (D:3)
  3 worms
  3 dart slugs
  12 leopard geckos
  33 orcs
  2 ball pythons (D:4)
  7 bats
  4 giant cockroaches
  14 goblins
  11 hobgoblins
  8 jackals
  7 quokkas
  4 frilled lizards
  12 kobolds
  7 rats
287 creatures vanquished.

Notes
Turn   | Place    | Note
-------+----------+-------------------------------------------
     0 | D:1      | ubername the Merfolk Berserker began the quest for the Orb.
     0 | D:1      | Reached XP level 1. HP: 18/18 MP: 1/1
   212 | D:1      | Reached skill level 4 in Short Blades
   212 | D:1      | Reached XP level 2. HP: 22/24 MP: 2/2
   533 | D:1      | Reached XP level 3. HP: 19/30 MP: 3/3
  1156 | D:2      | Found a faded altar of an unknown god.
  1517 | D:2      | Reached ** piety under Trog
  2317 | D:2      | Reached XP level 4. HP: 36/37 MP: 4/4
  2607 | D:3      | Reached skill level 5 in Short Blades
  2772 | D:3      | Reached XP level 5. HP: 3/42 MP: 5/5
  3061 | D:3      | Noticed Grinder
  3061 | D:3      | Paralysed by Grinder for 3 turns
  3128 | D:4      | Reached skill level 1 in Shields
  3376 | D:4      | Noticed a water moccasin
  3408 | D:4      | Killed a water moccasin
  3409 | D:4      | Reached XP level 6. HP: 21/48 MP: 6/6
  3673 | D:4      | Reached skill level 6 in Short Blades
  3828 | D:4      | Reached XP level 7. HP: 38/55 MP: 7/7
  3968 | D:4      | Found a staircase to the Ecumenical Temple.
  4623 | D:4      | Reached skill level 7 in Short Blades
  4623 | D:4      | Reached skill level 5 in Dodging
  4974 | D:3      | Noticed Terence
  4993 | D:3      | Killed Terence
  5272 | D:3      | Found a transporter.
  5288 | D:3      | Found a transporter.
  5383 | D:3      | Reached *** piety under Trog
  5385 | D:3      | Found a broken altar of Ashenzari.
  5897 | D:3      | Paralysed by Grinder for 3 turns
  5909 | D:3      | Killed Grinder
  5910 | D:3      | Reached skill level 1 in Stealth
  5910 | D:3      | Reached XP level 8. HP: 61/61 MP: 8/8
  6674 | D:5      | Entered Level 5 of the Dungeon
  6730 | D:5      | Reached skill level 5 in Fighting
  6730 | D:5      | Reached skill level 8 in Short Blades
  7033 | D:5      | You fall into a shaft and drop 1 floor!
  8080 | D:5      | Found Muymu's Gadget Boutique.
  8408 | D:6      | Reached **** piety under Trog
  8452 | D:6      | Reached XP level 9. HP: 65/68 MP: 9/9
  8457 | D:6      | Reached skill level 9 in Short Blades
  8493 | D:6      | Got a transparent leather armour
  8504 | D:6      | Identified the +0 leather armour "Etsawum" {rN+} (You found
                  | it on level 6 of the Dungeon)
  9436 | D:7      | Found a shadowy altar of Dithmenos.
  9539 | D:7      | Found a glowing golden altar of the Shining One.
  9625 | D:7      | Noticed Prince Ribbit
  9649 | D:7      | Killed Prince Ribbit
  9650 | D:7      | Reached skill level 10 in Short Blades
 10012 | D:7      | Reached skill level 5 in Armour
 10138 | D:7      | Found a runed translucent gate.
 10139 | D:7      | Found a runed translucent gate.
 10139 | D:7      | Found a runed translucent gate.
 10141 | D:7      | Noticed Cheops's ghost (novice OpTm)
 10183 | D:7      | Found an ancient bone altar of Kikubaaqudgha.
 10342 | D:8      | Reached XP level 10. HP: 77/77 MP: 10/10
 10479 | D:8      | Found Ylietidgh's Book Emporium.
 10557 | D:8      | Noticed a two-headed ogre
 10569 | D:8      | Killed a two-headed ogre
 10607 | D:8      | Reached skill level 11 in Short Blades
 10918 | D:8      | Found a flagged portal.
 10927 | Bailey   | Entered a bailey
 10971 | Bailey   | Reached ***** piety under Trog
 11604 | Bailey   | Found a roughly hewn altar of Beogh.
 11604 | Bailey   | Noticed an orc knight
 11691 | D:8      | Got a bloodstained ring mail
 11709 | D:8      | Identified the +1 ring mail of Ofuleuv {rF+ Str+7 Dex-3
                  | SInv} (You found it on level 8 of the Dungeon)
 12172 | D:8      | Found an opulent altar of Gozag.
 12352 | D:9      | Noticed Maurice
 12432 | D:9      | Killed Maurice
 12544 | D:9      | Reached XP level 11. HP: 78/84 MP: 11/11
 12589 | D:9      | Reached skill level 5 in Shields
 12605 | D:9      | Reached skill level 12 in Short Blades
 12951 | D:9      | Found an ornate altar of the Wu Jian Council.
 12977 | D:9      | Found an iron altar of Okawaru.
 12992 | D:9      | Found a burning altar of Makhleb.
 12997 | D:9      | Found a staircase to the Orcish Mines.
 13034 | D:9      | Received a gift from Trog
 13225 | D:9      | Found a snail-covered altar of Cheibriados.
 13297 | D:9      | Found a staircase to the Lair.
 13516 | D:10     | Entered Level 10 of the Dungeon
 13519 | D:10     | Got a jewelled scale mail
 13681 | D:10     | Identified the +1 scale mail of Liberalism {rPois Str+2}
                  | (You found it on level 10 of the Dungeon)
 14075 | D:10     | Noticed a two-headed ogre
 14098 | D:10     | Killed a two-headed ogre
 14099 | D:10     | Reached skill level 1 in Evocations
 14349 | D:10     | Noticed a skeletal warrior
 14350 | D:10     | Noticed a skeletal warrior
 14351 | D:10     | Noticed a skeletal warrior
 14352 | D:10     | Noticed a skeletal warrior
 14380 | D:10     | Killed a skeletal warrior
 14391 | D:10     | Killed a skeletal warrior
 14401 | D:10     | Slain by a skeletal warrior

Illustrated notes

Levels and vault maps discovered:
D:1:      giann_forest_graveyard, layout_loops_corners, minmay_misc_feat_rows
D:2:      minmay_wonky_spiral, layout_loops_ring,
          chequers_ecumenical_altar_simple
D:3:      gammafunk_wand_slinger, layout_basic, old_standard_altar,
          minmay_misc_feat_five, uniq_grinder, uniq_terence
D:4:      layout_cave_pools, minmay_temple_entry_hall, nzn_random_ring
D:5:      layout_cave_pools, serial_shops, nicolae_shop_statue_plus
D:6:      layout_rooms
D:7:      layout_loops_ring, grunt_dithmenos_smoke, lemuel_doored_altar,
          old_standard_altar, gammafunk_ghost_necromancy,
          minmay_misc_feat_diagonals, grunt_ministairs_9, uniq_prince_ribbit1
D:8:      layout_cave_pools, nicolae_overflow_crystal_walls, serial_shops,
          nicolae_shop_waterfront, enter_bailey_5
D:9:      layout_loops_ring, general_overflow_altar, old_standard_altar,
          lemuel_round_altar, lair_entry_dummy, orc_0_dummy,
          nrook_mini_backslash, okawaru_metal_pillars_3, uniq_maurice
D:10:     layout_grid_maze

Skill      XL: |  1  2  3  4  5  6  7  8  9 10 11 |
---------------+----------------------------------+-----
Short Blades   | 4 5 6 7 8 10 11 12 | 12.4
Dodging        | 3 4 5 6 7 9 |  9.0
Fighting       | 4 5 6 7 8 |  8.5
Shields        | 1 2 3 4 5 |  5.6
Armour         | 2 3 4 5 6 7 |  7.1
Stealth        | 1 2 3 |  3.3
Evocations     | 2 |  2.0
Throwing       | |  0.1

Action                   |  1- 3 |  4- 6 |  7- 9 | 10-12 || total
-------------------------+-------+-------+-------+-------++-------
Melee: Short sword       |   149 |   184 |   714 |   543 ||  1590
       Tailslap          |       |       |     1 |     8 ||     9
       Quick blade       |       |       |       |   212 ||   212
       Rapier            |       |       |       |    41 ||    41
Throw: Dart              |       |     2 |       |       ||     2
Invok: Berserk           |     1 |     5 |    10 |     9 ||    25
Evoke: Wand              |       |       |       |     1 ||     1
       Phial of floods   |       |       |       |     1 ||     1
  Use: Potion            |       |     1 |    10 |     2 ||    13
       Scroll            |       |       |    19 |     1 ||    20
 Stab: Sleeping          |     2 |       |     3 |     3 ||     8
Armor: Animal skin       |    17 |     2 |       |       ||    19
       Ring mail         |       |    53 |    66 |    44 ||   163
       Scale mail        |       |       |   108 |     7 ||   115
       Leather armour    |       |       |     1 |       ||     1
       Crystal plate arm |       |       |       |   176 ||   176
Dodge: Dodged            |    90 |   131 |   330 |   229 ||   780
Block: Buckler           |     9 |    32 |   122 |   128 ||   291
